TOP OF THE 1ST |
Naperville Battlekings batting - Pitching for Tortolita Drummers : RHP Ricky Jackson
|
Pitching: RHP Ricky Jackson
|
|
Batting: RHB Matt Love
|
0-0: Foul Ball, location: 2F 0-1: Ball 1-1: Swinging Strike 1-2: Ball 2-2: Ball 3-2: Strikes out swinging
|
Batting: SHB Daryl Lloyd
|
0-0: SINGLE (Groundball, 4MD)
|
Batting: LHB Cristo Ramírez
|
0-0: Called Strike 0-1: Ball 1-1: Swinging Strike 1-2: Fly out, F9 (Flyball, 9S)
|
Batting: LHB Joe Cashmore
|
0-0: Ball 1-0: Ground out 6-3 (Groundball, 6)
|
Top of the 1st over - 0 run(s), 1 hit(s), 0 error(s), 1 left on base; Naperville 0 - Tortolita 0 |
BOTTOM OF THE 1ST |
Tortolita Drummers batting - Pitching for Naperville Battlekings : RHP William Peck
|
Pitching: RHP William Peck
|
|
Batting: LHB Nobuo Yamashita
|
0-0: Swinging Strike 0-1: Ball 1-1: Ball 2-1: Bunted foul 2-2: Ball 3-2: Foul Ball, location: 2F 3-2: Foul Ball, location: 2F 3-2: SINGLE (Line Drive, 34)
|
Batting: SHB Dan Godwin
|
0-0: Fielders Choice at 2nd, 1-4 (Groundball, 25)
|
Batting: LHB Pat McJannett
|
0-0: Called Strike Dan Godwin steals 2nd base 0-1: Ball 1-1: Ground out 4-3 (Groundball, 34) Dan Godwin to third
|
Batting: LHB Pedro Willis
|
0-0: Ball 1-0: Foul Ball, location: 2F 1-1: Ball 2-1: Ball 3-1: Called Strike 3-2: Base on Balls
|
Batting: RHB Kevin Sanderson
|
0-0: Ball 1-0: Ball 2-0: Ground out 4-3 (Groundball, 4)
|
Bottom of the 1st over - 0 run(s), 1 hit(s), 0 error(s), 2 left on base; Naperville 0 - Tortolita 0 |
TOP OF THE 2ND |
Naperville Battlekings batting - Pitching for Tortolita Drummers : RHP Ricky Jackson
|
Batting: RHB Álex Rodríguez
|
0-0: Called Strike 0-1: Called Strike 0-2: Ball 1-2: Strikes out swinging
|
Batting: RHB Edward Payne
|
0-0: DOUBLE (Flyball, 89D)
|
Batting: SHB Val Brown
|
0-0: Ground out 5-3 (Groundball, 56)
|
Batting: RHB Joe Ferneyhough
|
0-0: Called Strike 0-1: Called Strike 0-2: Ball 1-2: Strikes out swinging
|
Top of the 2nd over - 0 run(s), 1 hit(s), 0 error(s), 1 left on base; Naperville 0 - Tortolita 0 |
BOTTOM OF THE 2ND |
Tortolita Drummers batting - Pitching for Naperville Battlekings : RHP William Peck
|
Batting: RHB Bill Taylor
|
0-0: Called Strike 0-1: Ball 1-1: Foul Ball, location: 2F 1-2: Ball 2-2: Foul Ball, location: 2F 2-2: Foul Ball, location: 2F 2-2: SINGLE (Groundball, 6MD)
|
Batting: SHB Juan Blanco
|
0-0: Ball 1-0: Called Strike Bill Taylor is caught stealing 2nd base 1-1: Ball 2-1: Ball 3-1: Foul Ball, location: 2F 3-2: Fly out, F8 (Flyball, 8LM)
|
Batting: LHB Bill Burgess
|
0-0: Foul Ball, location: 2F 0-1: Ball 1-1: Called Strike 1-2: Ground out 5-3 (Groundball, 56)
|
Bottom of the 2nd over - 0 run(s), 1 hit(s), 0 error(s), 0 left on base; Naperville 0 - Tortolita 0 |
TOP OF THE 3RD |
Naperville Battlekings batting - Pitching for Tortolita Drummers : RHP Ricky Jackson
|
Batting: LHB Alfonso Martínez
|
0-0: Ball 1-0: Called Strike 1-1: Foul Ball, location: 2F 1-2: Ball 2-2: Strikes out swinging
|
Batting: RHB Matt Love
|
0-0: Ball 1-0: Called Strike 1-1: Foul Ball, location: 2F 1-2: Foul Ball, location: 2F 1-2: Foul Ball, location: 2F 1-2: Ball 2-2: Foul Ball, location: 2F 2-2: Strikes out swinging
|
Batting: SHB Daryl Lloyd
|
0-0: Ball 1-0: Ball 2-0: Called Strike 2-1: SINGLE (Groundball, 25) (infield hit)
|
Batting: LHB Cristo Ramírez
|
0-0: Fly out, F7 (Flyball, 7S)
|
Top of the 3rd over - 0 run(s), 1 hit(s), 0 error(s), 1 left on base; Naperville 0 - Tortolita 0 |
BOTTOM OF THE 3RD |
Tortolita Drummers batting - Pitching for Naperville Battlekings : RHP William Peck
|
Batting: RHB Robby Thomas
|
0-0: Ball 1-0: Foul Ball, location: 2F 1-1: Ball 2-1: Foul Ball, location: 2F 2-2: Strikes out swinging
|
Batting: LHB Nobuo Yamashita
|
0-0: SOLO HOME RUN (Line Drive, 9LD), Distance : 373 ft
|
Batting: SHB Dan Godwin
|
0-0: Ball 1-0: Ball 2-0: Foul Ball, location: 2F 2-1: Fly out, F8 (Flyball, 8LM)
|
Batting: LHB Pat McJannett
|
0-0: Called Strike 0-1: Ball 1-1: Ball 2-1: Fly out, F7 (Flyball, 7LS)
|
Bottom of the 3rd over - 1 run(s), 1 hit(s), 0 error(s), 0 left on base; Naperville 0 - Tortolita 1 |
TOP OF THE 4TH |
Naperville Battlekings batting - Pitching for Tortolita Drummers : RHP Ricky Jackson
|
Batting: LHB Joe Cashmore
|
0-0: Called Strike 0-1: Ball 1-1: Foul Ball, location: 2F 1-2: Ball 2-2: Foul Ball, location: 2F 2-2: Foul Ball, location: 2F 2-2: Ground out 1-3 (Groundball, 3S)
|
Batting: RHB Álex Rodríguez
|
0-0: Called Strike 0-1: Ball 1-1: Swinging Strike 1-2: Ball 2-2: Foul Ball, location: 2F 2-2: Ball 3-2: Strikes out looking
|
Batting: RHB Edward Payne
|
0-0: Called Strike 0-1: Ball 1-1: Ball 2-1: Swinging Strike 2-2: Foul Ball, location: 2F 2-2: Strikes out looking
|
Top of the 4th over - 0 run(s), 0 hit(s), 0 error(s), 0 left on base; Naperville 0 - Tortolita 1 |
BOTTOM OF THE 4TH |
Tortolita Drummers batting - Pitching for Naperville Battlekings : RHP William Peck
|
Batting: LHB Pedro Willis
|
0-0: Ball 1-0: Called Strike 1-1: Fly out, F5 (Popup, 56)
|
Batting: RHB Kevin Sanderson
|
0-0: Ball 1-0: Called Strike 1-1: SINGLE (Groundball, 6MD)
|
Batting: RHB Bill Taylor
|
0-0: Called Strike 0-1: Called Strike 0-2: Foul Ball, location: 2F 0-2: Fielders Choice at 2nd, 5-4 (Groundball, 56)
|
Batting: SHB Juan Blanco
|
0-0: Ball Bill Taylor steals 2nd base 1-0: Foul Ball, location: 2F 1-1: SINGLE (Popup, 5) Bill Taylor to third Runner from 3rd tries for Home, SAFE, no throw or cutoff
|
Batting: LHB Bill Burgess
|
0-0: Ball 1-0: Ball 2-0: Called Strike 2-1: Ground out U3 (Groundball, 3L)
|
Bottom of the 4th over - 1 run(s), 2 hit(s), 0 error(s), 1 left on base; Naperville 0 - Tortolita 2 |
TOP OF THE 5TH |
Naperville Battlekings batting - Pitching for Tortolita Drummers : RHP Ricky Jackson
|
Batting: SHB Val Brown
|
0-0: Swinging Strike 0-1: Ball 1-1: Ball 2-1: Swinging Strike 2-2: Ball 3-2: Strikes out looking
|
Batting: RHB Joe Ferneyhough
|
0-0: Ball 1-0: Ball 2-0: Ground out 5-3 (Groundball, 56)
|
Batting: LHB Alfonso Martínez
|
0-0: Called Strike 0-1: Fly out, F9 (Flyball, 89M)
|
Top of the 5th over - 0 run(s), 0 hit(s), 0 error(s), 0 left on base; Naperville 0 - Tortolita 2 |
BOTTOM OF THE 5TH |
Tortolita Drummers batting - Pitching for Naperville Battlekings : RHP William Peck
|
Batting: RHB Robby Thomas
|
0-0: Foul Ball, location: 2F 0-1: DOUBLE (Flyball, 78XD)
|
Batting: LHB Nobuo Yamashita
|
0-0: Ball 1-0: Called Strike 1-1: Fly out, F1 (Line Drive, 15)
|
Batting: SHB Dan Godwin
|
Balk! Robby Thomas to third 0-0: Ball 1-0: Ball 2-0: Fly out, F8 (Line Drive, 8RM) Runner from 3rd tags up, SCORES, throw made
|
Batting: LHB Pat McJannett
|
0-0: Ball 1-0: Ground out 3-1 (Groundball, 34)
|
Bottom of the 5th over - 1 run(s), 1 hit(s), 0 error(s), 0 left on base; Naperville 0 - Tortolita 3 |
TOP OF THE 6TH |
Naperville Battlekings batting - Pitching for Tortolita Drummers : RHP Ricky Jackson
|
Batting: RHB Matt Love
|
0-0: Ball 1-0: Called Strike 1-1: Ball 2-1: Swinging Strike 2-2: Strikes out looking
|
Batting: SHB Daryl Lloyd
|
0-0: Ball 1-0: Ball 2-0: Swinging Strike 2-1: Foul Ball, location: 2F 2-2: Strikes out swinging
|
Batting: LHB Cristo Ramírez
|
0-0: Ground out 4-3 (Groundball, 4M)
|
Top of the 6th over - 0 run(s), 0 hit(s), 0 error(s), 0 left on base; Naperville 0 - Tortolita 3 |
BOTTOM OF THE 6TH |
Tortolita Drummers batting - Pitching for Naperville Battlekings : RHP William Peck
|
Batting: LHB Pedro Willis
|
0-0: Called Strike 0-1: Called Strike 0-2: Ball 1-2: Ball 2-2: Foul Ball, location: 2F 2-2: Ball 3-2: Base on Balls
|
Batting: RHB Kevin Sanderson
|
0-0: Called Strike 0-1: Ball 1-1: Ball 2-1: Ball 3-1: Base on Balls Pedro Willis to second
|
Batting: RHB Bill Taylor
|
0-0: Ball 1-0: Sac Bunt - play at third, runner OUT! 5-6 Kevin Sanderson to second
|
Batting: SHB Juan Blanco
|
0-0: Ball 1-0: Ball 2-0: Foul Ball, location: 2F 2-1: Fly out, F8 (Flyball, 8LS)
|
Batting: LHB Bill Burgess
|
0-0: Ground out 4-3 (Groundball, 4)
|
Bottom of the 6th over - 0 run(s), 0 hit(s), 0 error(s), 2 left on base; Naperville 0 - Tortolita 3 |
TOP OF THE 7TH |
Naperville Battlekings batting - Pitching for Tortolita Drummers : RHP Ricky Jackson
|
Batting: LHB Joe Cashmore
|
0-0: Called Strike 0-1: Swinging Strike 0-2: DOUBLE (Flyball, 9LD)
|
Batting: RHB Álex Rodríguez
|
0-0: Ball 1-0: Called Strike 1-1: Ball 2-1: Called Strike 2-2: Fly out, F8 (Flyball, 89M)
|
Batting: RHB Edward Payne
|
0-0: Foul Ball, location: 2F 0-1: Ball 1-1: Ball 2-1: Foul Ball, location: 2F 2-2: Foul Ball, location: 2F 2-2: Strikes out swinging
|
Batting: SHB Val Brown
|
0-0: Foul Ball, location: 2F 0-1: Ball Wild Pitch! Joe Cashmore to third 1-1: Fly out, F8 (Flyball, 8LM)
|
Top of the 7th over - 0 run(s), 1 hit(s), 0 error(s), 1 left on base; Naperville 0 - Tortolita 3 |
BOTTOM OF THE 7TH |
Tortolita Drummers batting - Pitching for Naperville Battlekings : RHP William Peck
|
Batting: RHB Robby Thomas
|
0-0: Ball 1-0: Ball 2-0: Called Strike 2-1: Ball 3-1: Base on Balls
|
Batting: LHB Nobuo Yamashita
|
0-0: Sac Bunt - play at first, batter OUT! 1-3 Robby Thomas to second
|
Batting: SHB Dan Godwin
|
0-0: Ball 1-0: Ground out 3-1 (Groundball, 3) Robby Thomas to third
|
Batting: LHB Pat McJannett
|
0-0: Called Strike 0-1: Foul Ball, location: 2F 0-2: Fly out, F8 (Flyball, 8LS)
|
Bottom of the 7th over - 0 run(s), 0 hit(s), 0 error(s), 1 left on base; Naperville 0 - Tortolita 3 |
TOP OF THE 8TH |
Naperville Battlekings batting - Pitching for Tortolita Drummers : RHP Ricky Jackson
|
Batting: RHB Joe Ferneyhough
|
0-0: Foul Ball, location: 2F 0-1: Fly out, F9 (Flyball, 9M)
|
Batting: LHB Alfonso Martínez
|
0-0: Ball 1-0: Ball 2-0: Called Strike 2-1: Foul Ball, location: 2F 2-2: Strikes out swinging
|
Batting: RHB Matt Love
|
0-0: Foul Ball, location: 2F 0-1: Foul Ball, location: 2F 0-2: SINGLE (Line Drive, 89S)
|
Pitching: LHP Jeremy Petty
|
|
Batting: SHB Daryl Lloyd
|
0-0: Ball 1-0: Fly out, F9 (Line Drive, 9M)
|
Top of the 8th over - 0 run(s), 1 hit(s), 0 error(s), 1 left on base; Naperville 0 - Tortolita 3 |
BOTTOM OF THE 8TH |
Tortolita Drummers batting - Pitching for Naperville Battlekings : RHP William Peck
|
Pitching: LHP Jason Puckett
|
|
Batting: LHB Pedro Willis
|
0-0: Called Strike 0-1: Ball 1-1: Fly out, F9 (Line Drive, 89S)
|
Batting: RHB Kevin Sanderson
|
0-0: Ball 1-0: Swinging Strike 1-1: Foul Ball, location: 2F 1-2: Ground out 5-3 (Groundball, 56)
|
Batting: RHB Bill Taylor
|
0-0: Called Strike 0-1: Fly out, F3 (Popup, 3)
|
Bottom of the 8th over - 0 run(s), 0 hit(s), 0 error(s), 0 left on base; Naperville 0 - Tortolita 3 |
TOP OF THE 9TH |
Naperville Battlekings batting - Pitching for Tortolita Drummers : LHP Jeremy Petty
|
Pitching: RHP Lou Lowry
|
|
Batting: LHB Cristo Ramírez
|
0-0: Ball 1-0: Ball 2-0: Ball 3-0: Called Strike 3-1: DOUBLE (Flyball, 8RXD)
|
Batting: LHB Joe Cashmore
|
0-0: Ball 1-0: Ball 2-0: Ball 3-0: Base on Balls
|
Pinch Hitting: RHB Jim Unknown
|
0-0: Called Strike 0-1: Ball 1-1: Called Strike 1-2: Ball 2-2: Foul Ball, location: 2F 2-2: Strikes out swinging
|
Batting: RHB Edward Payne
|
0-0: Ball 1-0: Ball 2-0: Ball 3-0: Base on Balls Cristo Ramírez to third Joe Cashmore to second
|
Batting: SHB Val Brown
|
0-0: Ball 1-0: Called Strike 1-1: Grounds out, U3 (Groundball, 3L) Cristo Ramírez scores Joe Cashmore to third
|
Batting: RHB Joe Ferneyhough
|
0-0: Swinging Strike 0-1: Ball 1-1: Ball 2-1: Ground out 4-3 (Groundball, 4M)
|
Top of the 9th over - 1 run(s), 1 hit(s), 0 error(s), 2 left on base; Naperville 1 - Tortolita 3 |
|